Map: Waterfall

Players

Timorus - Winner!

  • Race: Terran Terran
  • Spawn Location: 7:00

Padre

  • Race: Protoss Protoss
  • Spawn Location: 1:00

Event: DreamHack SC2 Masters 2022 Atlanta (Offline)

VOD

Have the link to the VOD?

Description

Time

  • Played on: Nov. 18, 2022, 11:13 a.m.
  • Length: 9:22

All games in this series

Show
View Real Time Build Order
Export as new Build Order

Timorus Terran - Winner!

Build Orders:  

Get SALT Encoding   

  12  0:00  SCV  
  13  0:12  SCV  
  14  0:17  Supply Depot  
  14  0:24  SCV  
  15  0:38  SCV  
  15  0:40  Barracks  
  16  0:43  Refinery  
  16  0:50  SCV  
  16  0:52  Refinery  
  17  1:02  SCV  
  18  1:15  SCV  
  19  1:27  Reaper  
  19  1:28  Orbital Command  
  20  1:33  Supply Depot  
  20  1:41  Factory  
  20  1:53  SCV  
  21  2:00  Barracks Reactor  
  21  2:05  SCV  
  22  2:17  SCV  
  23  2:24  Command Center  
  23  2:29  SCV  
  24  2:32  Widow Mine  
  24  2:36  Starport  
  26  2:42  Marine x2  
  28  2:44  SCV  
  29  2:56  Widow Mine  
  31  3:04  Supply Depot  
  31  3:25  SCV, Medivac, Widow Mine, Marine x2  
  38  3:35  Orbital Command  
  38  3:37  SCV  
  39  3:43  Marine  
  39  3:44  Marine  
  41  3:49  SCV, Factory Tech Lab  
  41  3:55  Viking  
  44  3:59  Supply Depot  
  44  4:01  SCV x2  
  46  4:03  Marine x2  
  50  4:10  Cyclone  
  50  4:13  SCV  
  50  4:14  SCV  
  51  4:23  Marine x2  
  53  4:25  SCV  
  53  4:26  SCV  
  54  4:34  Liberator  
  54  4:37  SCV  
  54  4:38  SCV  
  59  4:39  Supply Depot  
  59  4:44  Cyclone  
  62  4:56  Supply Depot  
  62  5:00  SCV x2, Marine x2  
  66  5:07  Command Center  
  66  5:12  SCV x2  
  68  5:18  Supply Depot, Starport Tech Lab  
  68  5:22  Barracks  
  68  5:24  SCV  
  68  5:27  Barracks  
  69  5:33  SCV  
  70  5:37  SCV  
  70  5:42  Marine x2  
  71  5:45  SCV  
  71  5:49  SCV  
  66  5:57  SCV  
  66  5:59  Starport Reactor  
  66  6:00  Factory Reactor  
  66  6:01  SCV  
  66  6:03  Refinery  
  68  6:04  Engineering Bay  
  68  6:05  Refinery  
  68  6:06  Marine  
  68  6:09  Supply Depot, SCV  
  70  6:13  SCV  
  71  6:21  SCV, Orbital Command  
  71  6:25  SCV  
  73  6:32  Terran Infantry Weapons Level 1  
  73  6:34  SCV  
  73  6:35  Marine  
  73  6:36  Marauder x2  
  73  6:37  SCV  
  78  6:40  Stimpack, Combat Shield  
  78  6:46  SCV  
  73  6:49  Supply Depot, SCV  
  74  6:54  SCV  
  74  6:56  Marine x2  
  74  6:58  SCV, Missile Turret, Medivac x2  
  74  7:00  Marauder  
  84  7:01  SCV, Marauder  
  84  7:06  Widow Mine x2  
  91  7:10  SCV  
  91  7:11  Supply Depot  
  91  7:13  SCV  
  93  7:17  Barracks x2  
  93  7:21  Marine x2  
  96  7:23  Marauder x2  
  96  7:28  Medivac x2  
  101  7:36  SCV, Widow Mine x2  
  103  7:39  Orbital Command  
  103  7:41  Marine x2  
  103  7:42  SCV  
  103  7:47  Marauder x2  
  103  7:50  SCV  
  107  7:54  SCV  
  108  8:01  Widow Mine x2, Marine x2  
  108  8:04  Barracks Tech Lab  
  108  8:05  Barracks Reactor  
  113  8:09  Marauder  
  113  8:11  Medivac x2, Marauder  
  117  8:13  SCV  
  117  8:14  SCV  
  117  8:15  SCV  
  117  8:17  Concussive Shells  
  119  8:21  Marine x2  
  119  8:25  SCV, Marauder  
  119  8:26  Widow Mine x2  
  120  8:28  SCV x2  
  120  8:31  Missile Turret  
  120  8:32  Supply Depot  
  115  8:34  Supply Depot  
  115  8:37  SCV  
  115  8:38  Marauder x2  
  114  8:42  Marine x3  
  114  8:43  Marine  
  114  8:44  Medivac  
  120  8:54  Marauder  
  120  8:55  Widow Mine x2  
  125  8:59  Marauder, Marine  
  125  9:00  Marine  
  125  9:02  Marine x2  
  133  9:05  Supply Depot  
  133  9:06  Supply Depot, SCV  
  130  9:17  Ghost Academy  
  130  9:19  Engineering Bay  
  130  9:20  Armory  
  133  9:21  Refinery  
Show
View Real Time Build Order
Export as new Build Order

Padre Protoss 

Build Orders: 1 Gate Expand, Oracle Opening 

Get SALT Encoding   

  12  0:00  Probe  
  13  0:12  Probe  
  14  0:17  Pylon  
  14  0:24  Probe (Chrono Boost)  
  15  0:36  Probe (Chrono Boost)  
  15  0:37  Gateway  
  16  0:44  Probe (Chrono Boost)  
  16  0:47  Assimilator  
  17  0:51  Probe  
  18  1:03  Probe  
  19  1:15  Probe  
  20  1:24  Cybernetics Core  
  20  1:37  Nexus  
  20  1:41  Probe  
  21  1:50  Pylon  
  21  1:53  Probe  
  22  1:56  Assimilator  
  22  2:05  Probe  
  22  2:06  Adept (Chrono Boost)  
  25  2:18  Stargate  
  25  2:20  Probe  
  25  2:32  Adept (Chrono Boost), Probe  
  28  2:40  Warp Gate  
  28  2:44  Probe  
  28  2:49  Probe  
  30  2:56  Probe  
  30  2:57  Adept (Chrono Boost)  
  33  3:02  Probe  
  33  3:03  Oracle (Chrono Boost)  
  34  3:08  Probe  
  38  3:14  Probe  
  39  3:21  Probe  
  39  3:23  Pylon  
  39  3:27  Probe (Chrono Boost)  
  41  3:33  Oracle, Probe (Chrono Boost)  
  46  3:44  Probe x2 (Chrono Boost)  
  46  3:49  Probe (Chrono Boost)  
  46  3:51  Probe (Chrono Boost)  
  46  3:54  Twilight Council, Gateway  
  48  3:59  Probe  
  50  4:02  Probe  
  50  4:05  Pylon  
  50  4:11  Probe  
  50  4:15  Probe  
  52  4:23  Probe  
  49  4:27  Probe  
  48  4:34  Nexus, Blink (Chrono Boost)  
  48  4:35  Probe (Chrono Boost)  
  49  4:44  Probe (Chrono Boost)  
  51  4:46  Assimilator  
  51  4:47  Probe (Chrono Boost)  
  51  4:48  Stalker, Assimilator  
  51  4:52  Probe (Chrono Boost)  
  48  4:53  Probe (Chrono Boost), Pylon  
  48  4:54  Stalker  
  51  5:02  Probe  
  51  5:03  Probe  
  51  5:06  Pylon  
  53  5:10  Forge  
  53  5:13  Oracle (Chrono Boost)  
  53  5:14  Probe  
  54  5:15  Probe  
  58  5:22  Stalker  
  58  5:23  Sentry  
  58  5:26  Probe  
  58  5:27  Probe  
  64  5:32  Shield Battery  
  64  5:38  Probe  
  64  5:39  Probe  
  59  5:47  Stalker x2  
  58  5:50  Probe  
  58  5:51  Probe  
  53  6:00  Probe  
  53  6:02  Probe  
  52  6:04  Gateway  
  52  6:05  Gateway  
  52  6:06  Oracle (Chrono Boost)  
  55  6:12  Stalker  
  55  6:14  Probe x2  
  57  6:22  Stalker  
  59  6:28  Protoss Ground Weapons Level 1 (Chrono Boost)  
  59  6:31  Probe x2  
  60  6:44  Probe x2  
  56  6:48  Stalker  
  56  6:49  Stalker  
  60  6:56  Probe (Chrono Boost)  
  60  6:57  Nexus  
  60  6:58  Probe (Chrono Boost)  
  60  7:00  Sentry  
  65  7:08  Probe (Chrono Boost)  
  65  7:12  Pylon  
  65  7:13  Probe (Chrono Boost)  
  65  7:15  Probe (Chrono Boost)  
  67  7:16  Robotics Facility  
  67  7:22  Probe  
  68  7:23  Probe  
  69  7:35  Stalker x4  
  77  7:41  Probe  
  78  7:45  Probe  
  77  7:54  Probe  
  78  8:03  Pylon  
  78  8:04  Pylon  
  78  8:07  Pylon  
  78  8:09  Probe x2, Stalker x2  
  78  8:10  Stalker  
  78  8:11  Stalker  
  88  8:18  Probe  
  89  8:21  Probe  
  78  8:38  Warp Prism (Chrono Boost)  
  78  8:39  Stalker x3  
  78  8:40  Stalker  
  86  8:43  Probe x3  
  85  8:56  Probe x2  
  85  8:57  Nexus  
  82  9:03  Stalker x4  
Tags
 
Add a new tag
Caveats
  • Supply blocks, unpowered buildings, or Contaminate may cause inaccurate times.
  • Supply counts are checked every 10 seconds.